 Dungeon Crawl Stone Soup version 0.21.0 (webtiles) character file.

424 MovingMist the Distorting Orc (level 6, 0/56 HPs)
             Began as a Hill Orc Abyssal Knight on Jan 5, 2018.
             Was a Believer of Lugonu.
             Slain by an ogre
             ... wielding a +0 giant club
              (11 damage)
             ... on level 5 of the Dungeon.
             The game lasted 00:09:21 (2926 turns).

MovingMist the Distorting Orc (HOAK)                Turns: 2926, Time: 00:09:21

Health: 0/56       AC: 10    Str: 16    XL:     6   Next: 96%
Magic:  10/10      EV:  8    Int: 12    God:    Lugonu [**....]
Gold:   128        SH:  3    Dex: 11    Spells: 5/5 levels left

rFire    . . .     SeeInvis .   x - +1 hand axe (pain)
rCold    . . .     Gourm    .   i - +0 buckler
rNeg     . . .     Faith    .   v - +0 scale mail
rPois    .         Spirit   .   (no helmet)
rElec    .         Reflect  .   (no cloak)
rCorr    .         Harm     .   (no gloves)
MR       .....                  o - +2 pair of boots {Fly}
Stlth    ..........             (no amulet)
HPRegen  0.18/turn              (no ring)
MPRegen  0.12/turn              (no ring)

@: flying
A: no striking features
a: Depart the Abyss, Bend Space, Renounce Religion, Stop Flying


You were on level 5 of the Dungeon.
You worshipped Lugonu.
Lugonu was pleased with you.
You were hungry.

You visited 1 branch of the dungeon, and saw 5 of its levels.
You visited the Abyss 1 time.
You also visited: Sewer.

You collected 302 gold pieces.
You spent 174 gold pieces at shops.

Inventory:

Hand Weapons
 x - a +1 hand axe of pain (weapon)
Armour
 i - a +0 buckler (worn)
 o - a +2 pair of boots of flying (worn)
 v - a +0 scale mail (worn)
Jewellery
 j - an uncursed ring of wizardry
Wands
 a - a wand of enslavement (16)
 s - a wand of iceblast (6)
Scrolls
 e - 2 scrolls of remove curse {unknown}
 h - a scroll of enchant weapon {unknown}
 k - 5 scrolls of teleportation {unknown}
 l - a scroll of immolation {unknown}
 m - 2 scrolls of fear {unknown}
 n - 3 scrolls of random uselessness {unknown}
 p - 7 scrolls of identify {unknown}
 q - 3 scrolls of enchant armour {unknown}
 r - 2 scrolls of blinking {unknown}
 u - a scroll of amnesia {unknown}
Potions
 b - 2 potions of lignification {unknown}
 d - a potion of haste {unknown}
 f - a potion of mutation {unknown}
 g - 2 potions of brilliance {unknown}
 t - a potion of might {unknown}
 w - a potion of agility {unknown}
Comestibles
 c - 3 rations


   Skills:
 + Level 5.1 Fighting
 + Level 4.7 Axes
 + Level 4.0 Armour
 - Level 0.7 Dodging
 * Level 6.2 Invocations


You had 5 spell levels left.
You didn't know any spells.

Dungeon Overview and Level Annotations

Branches:
Dungeon (5/15)
 Temple: D:4-7

Altars:
Cheibriados
Dithmenos
Gozag
Nemelex Xobeh
Wu Jian
Yredelemnul

Shops:
D:4 (


Message History

The ogre is severely wounded.
You closely miss the ogre.
The ogre is severely wounded.
The ogre hits you with a giant club!
You completely miss the ogre.
The ogre is heavily wounded.
The ogre hits you with a giant club!
* * * LOW HITPOINT WARNING * * *
You hit the ogre.
The ogre is severely wounded.
The ogre barely misses you.
You hit the ogre.
The ogre is severely wounded.
The ogre misses you.
You barely miss the ogre.
The ogre is severely wounded.
You hit the ogre.
The ogre is almost dead.
The ogre hits you with a giant club!
You die...

##.....##..
##...........
#............. ##
#............. #..
#....)........
#...#.............
#..!..............
#....O@...........
.
#...##............
.# #. ##.....##...
..# ##...## ##.#
#.#..## #...#
#..##..##>.# .
#.####....###...
#. ###.......#
..####...##.....


You could see an ogre.

Vanquished Creatures
  A phantom (D:4)
  2 bullfrogs (Sewer)
  An orc priest (D:3)
  2 worker ants (D:4)
  3 adders
  2 oozes
  3 worms (D:4)
  3 dart slugs
  5 leopard geckos
  5 orcs (D:3)
  11 bats
  7 giant cockroaches
  6 goblins
  9 hobgoblins
  6 kobolds
  2 quokkas (D:2)
  4 ball pythons (Sewer)
  7 frilled lizards
  5 rats
84 creatures vanquished.

Notes
Turn   | Place    | Note
-------+----------+-------------------------------------------
     0 | Abyss:1  | MovingMist the Hill Orc Abyssal Knight began the quest for the Orb.
     0 | Abyss:1  | Reached XP level 1. HP: 19/19 MP: 2/2
     3 | D:1      | Escaped the Abyss
    69 | D:1      | Reached * piety under Lugonu
   103 | D:1      | Reached XP level 2. HP: 23/27 MP: 4/4
   156 | D:1      | Reached skill level 3 in Invocations
   424 | D:1      | Found a sparkling altar of Nemelex Xobeh.
   492 | D:1      | Reached XP level 3. HP: 33/33 MP: 5/5
   832 | D:2      | Found a snail-covered altar of Cheibriados.
   856 | D:2      | Reached ** piety under Lugonu
   856 | D:2      | Reached XP level 4. HP: 26/40 MP: 6/6
  1034 | D:3      | Reached skill level 4 in Invocations
  1038 | D:3      | Found an opulent altar of Gozag.
  1080 | D:3      | Found an ornate altar of the Wu Jian Council.
  1134 | D:3      | Found a basalt altar of Yredelemnul.
  1279 | D:3      | Reached XP level 5. HP: 20/47 MP: 8/8
  1582 | D:3      | Found a shadowy altar of Dithmenos.
  1935 | D:4      | Found Pumith's Antique Weapon Boutique.
  1950 | D:4      | Reached skill level 5 in Invocations
  1961 | D:4      | Bought a runed hand axe for 174 gold pieces
  2158 | D:4      | Found a glowing drain.
  2162 | D:4      | Noticed a phantom
  2173 | Sewer    | Entered a sewer
  2318 | Sewer    | Reached XP level 6. HP: 40/55 MP: 8/10
  2332 | Sewer    | Reached skill level 5 in Fighting
  2507 | D:4      | Killed a phantom
  2507 | D:4      | Reached skill level 6 in Invocations
  2884 | D:5      | Entered Level 5 of the Dungeon
  2926 | D:5      | Slain by an ogre

Skill      XL: |  1  2  3  4  5  6 |
---------------+-------------------+-----
Axes           | 3 4 |  4.7
Invocations    | 3 4 5 6 |  6.2
Fighting       | 4 5 |  5.1
Armour         | 3 4 |  4.0
Dodging        | |  0.7

Action                   |  1- 3 |  4- 6 || total
-------------------------+-------+-------++-------
Melee: Hand axe          |    93 |   216 ||   309
Invok: Depart the Abyss  |     1 |       ||     1
  Eat: Chunk             |       |     6 ||     6
Armor: Leather armour    |    41 |       ||    41
       Ring mail         |    19 |    33 ||    52
       Scale mail        |       |    73 ||    73
Dodge: Dodged            |    62 |   103 ||   165
Block: Buckler           |    19 |    28 ||    47
